 Dungeon Crawl Stone Soup version 0.28-a0-1616-g050a50673c (webtiles) character file.

Game seed: 772468863820518548

289 grumblor the Covert (level 6, -3/61 HPs)
             Began as an Octopode Brigand on Jan 22, 2022.
             Slain by Grinder (7 damage)
             ... on level 3 of the Dungeon.
             The game lasted 00:02:56 (2564 turns).

grumblor the Covert (Octopode Brigand)              Turns: 2564, Time: 00:02:57

Health: -3/61      AC: 23    Str: 10    XL:     6   Next: 31%
Magic:  8/8        EV:  2    Int: 13    God:
Gold:   111        SH:  0    Dex: 22    Spells: 7/7 levels left

rFire   + . .      SeeInvis .   d - +2 dagger (venom)
rCold   + . .      Faith    .   (no shield)
rNeg    . . .      Spirit   .   (helmet currently unavailable)
rPois   +          Reflect  .   k - amulet of magic regeneration
rElec   +          Harm     .   j - +6 ring of dexterity
rCorr   +          Rampage  .   (no ring)
Will    .....      NoTele   +   (no ring)
Stlth   +++++.....              (no ring)
HPRegen 0.20/turn               (no ring)
MPRegen 0.51/turn               (no ring)
                                (no ring)
                                (no ring)

@: mighty, tree-form, resistant, hasted, very quick
A: stationary, stasis, torment immunity, boosted hp, almost no armour,
(amphibious), 8 rings, (camouflage 1), (gelatinous body 1), (nimble swimmer 1),
(tentacles)
a: no special abilities


You were on level 3 of the Dungeon.
You were a tree.
You visited 1 branch of the dungeon, and saw 3 of its levels.

You collected 111 gold pieces.

Inventory:

Hand Weapons
 d - a +2 dagger of venom (weapon)
Missiles
 b - 6 poisoned darts (quivered)
 c - 2 curare-tipped darts
Jewellery
 j - a +6 ring of dexterity (left branch)
 k - an amulet of magic regeneration (around neck)
Potions
 a - a potion of curing
 f - 3 potions of resistance
 g - a potion of haste


   Skills:
 * Level 2.6 Fighting
 * Level 2.1 Short Blades
 - Level 2.0 Throwing
 * Level 2.0 Dodging
 * Level 9.1 Stealth
 * Level 1.4 Spellcasting


You had 7 spell levels left.
You didn't know any spells.
Your spell library was empty.

Dungeon Overview and Level Annotations

Branches:
Dungeon (3/15)

Altars:

Annotations:
D:3 Grinder


Innate Abilities, Weirdness & Mutations

You are a tree.
Your roots penetrate the ground, keeping you stationary.
You cannot be teleported.
You are immune to unholy pain and torment.
Your maximum health is greatly increased.
You cannot wear most types of armour.
((You are amphibious.))
You can wear up to eight rings at the same time.
((Your skin changes colour to match your surroundings (Stealth+).))
((Your rubbery body absorbs attacks. (AC +1, EV +1)))
((You are camouflaged when in or above water. (Stealth+)))
((You have tentacles for arms and can constrict up to eight enemies at once.))


Message History

You can move again.
Unknown command.
You hit Grinder but do no damage. Your punch misses Grinder.
Grinder is moderately wounded.
Grinder hits you but does no damage.
You hit Grinder but do no damage.
Grinder is moderately wounded.
You closely miss Grinder.
Grinder is moderately wounded.
Grinder hits you.
* * * LOW HITPOINT WARNING * * *
You writhe in agony.
* * * LOW HITPOINT WARNING * * *
Unknown command.
You hit Grinder.
Grinder is moderately wounded.
Unknown command.
You hit Grinder.
Grinder is moderately wounded.
Grinder hits you.
* * * LOW HITPOINT WARNING * * *
You writhe in agony.
* * * LOW HITPOINT WARNING * * *
Unknown command.
It was a potion of magic.
Magic courses through your body. Grinder hits you but does no damage.
You hit Grinder.
Grinder is heavily wounded.
It was a potion of might.
You feel very mighty all of a sudden. Grinder barely misses you.
You puncture Grinder!
Grinder is almost dead.
You closely miss Grinder.
Grinder is almost dead.
Grinder hits you but does no damage.
You closely miss Grinder.
Grinder is almost dead.
Grinder hits you!
You die...

.#..#..#..#.. #...#..##...
##J...##.##.# #+#...........
.###..#..#.. (.##.[#.......
...####.##.# #.# ##.........
##...#..#..# .. ##........
.###...##.## #(# ?..........
...###.'...### ..#. ####.......
###.######...####.##. #.......
#......###...#♣.##.#####......†
##...#...###..5###.............
##........###.####............
#......<...#.#...............
######.....#......###.......#....
.......###....)....#(............
...........###........###########
........##.# #.......##
...........###.......##


You could see Grinder.

Vanquished Creatures
  A centaur (D:3)
  A phantom (D:3)
  A hound (D:2)
  An iguana (D:2)
  5 dart slugs
  9 ball pythons
  4 endoplasms
  10 giant cockroaches
  2 goblins
  6 hobgoblins
  2 jackals (D:2)
  6 kobolds
  3 quokkas
  4 bats
  4 frilled lizards
  5 rats
64 creatures vanquished.

Notes
Turn   | Place    | Note
-------+----------+-------------------------------------------
     0 | D:1      | grumblor the Octopode Brigand began the quest for the Orb.
     0 | D:1      | Reached XP level 1. HP: 14/14 MP: 1/1
   103 | D:1      | Reached XP level 2. HP: 19/19 MP: 2/2
   115 | D:1      | Reached skill level 6 in Stealth
   405 | D:1      | Reached XP level 3. HP: 24/24 MP: 3/3
  1371 | D:2      | Reached skill level 7 in Stealth
  1371 | D:2      | Reached XP level 4. HP: 30/30 MP: 3/5
  1939 | D:2      | Reached skill level 1 in Spellcasting
  2167 | D:3      | Reached XP level 5. HP: 35/35 MP: 6/6
  2186 | D:3      | Noticed a phantom
  2193 | D:3      | Killed a phantom
  2194 | D:3      | Reached skill level 8 in Stealth
  2303 | D:3      | Noticed a centaur
  2309 | D:3      | Killed a centaur
  2310 | D:3      | Reached skill level 9 in Stealth
  2310 | D:3      | Reached XP level 6. HP: 24/41 MP: 6/8
  2527 | D:3      | Noticed Grinder
  2528 | D:3      | Paralysed by Grinder for 3 turns
  2533 | D:3      | Paralysed by Grinder for 7 turns
  2548 | D:3      | Paralysed by Grinder for 5 turns
  2558 | D:3      | HP: 3/61 [Grinder (2)]
  2564 | D:3      | Slain by Grinder

Illustrated notes

Levels and vault maps discovered:
D:1:      kennysheep_arrival_seaside, layout_basic, minmay_worlds_worst_comb
D:2:      layout_rooms, kennysheep_cluttered_room
D:3:      minmay_skewed_foursquare, layout_rooms, grunt_ministairs_11,
          kennysheep_generic_room_16, uniq_grinder

Skill      XL: |  1  2  3  4  5 |
---------------+----------------+-----
Stealth        | 6 7 9 |  9.1
Spellcasting   | 1 |  1.4
Dodging        | 2 |  2.0
Fighting       | |  2.6
Short Blades   | |  2.1
Throwing       | |  2.0

Action                   |  1- 3 |  4- 6 || total
-------------------------+-------+-------++-------
Melee: Dagger            |    47 |    61 ||   108
       Constrict         |    11 |    14 ||    25
       Tentacles         |     9 |     7 ||    16
       Punch             |       |     3 ||     3
Throw: Dart              |       |     2 ||     2
  Use: Scroll            |     1 |     5 ||     6
       Potion            |       |     5 ||     5
 Stab: Sleeping          |    20 |     7 ||    27
       Distracted        |       |     2 ||     2
Armor: Skin              |     1 |     9 ||    10
Dodge: Dodged            |    18 |    33 ||    51

Table legend: (Time is in decaauts)
 A = Elapsed time spent in this place.
 B = Non-inter-level travel time spent in this place.
 C = Inter-level travel time spent in this place.
 D = Time resting spent in this place.
 E = Time spent auto-exploring this place.
 F = Levels seen in this place.
 G = Mean time per level.
                   A        B        C        D        E       F      G
               +--------+--------+--------+--------+--------+-----+--------+
         Total |   2546 |   2470 |     76 |      0 |   2096 |   3 |  848.7 |
       Dungeon |   2546 |   2470 |     76 |      0 |   2096 |   3 |  848.7 |
               +--------+--------+--------+--------+--------+-----+--------+

Top non-repeatable levels by time:
     D:1: 1271 daAuts
     D:2: 874 daAuts
     D:3: 401 daAuts
